Roadrunners vs Wild

Created - 12 octobre 2023 at 10:26

Goals
1 2 3 T
Roadrunners 0 2 1 3
Wild 1 0 1 2
Shots
1 2 3 T
Roadrunners 8 10 12 30
Wild 6 2 2 10

GoalsPenalties
1st period
1. Wild , Fabian Zetterlund 1 (Seth Griffith 5) at 10:30
No Penalty
2nd period
2. Roadrunners , Ridly Greig 4 (Mac Hollowell 2) at 7:31
3. Roadrunners , Nick Abruzzese 2 (William Eklund 4, Linus Karlsson 4) at 8:59
Jack Rathbone (MIN) for Elbowing (Minor) at 9:54
3rd period
4. Wild , Fabian Zetterlund 2 (Dylan Sikura 8, Seth Griffith 6) at 11:42 (PP)
5. Roadrunners , Cam Dineen 3 (Kale Clague 8, Ridly Greig 9) at 12:10 (PP)
Mac Hollowell (PHO) for Roughing (Minor) at 11:02
Logan Day (MIN) for Roughing (Minor) at 12:03
Trevor Carrick (MIN) for Interference (Minor) at 18:45
Goalie Stats
Garrett Metcalf (PHO), 8 saves from 10 shots - (0,800), W, 7-8-4, 60:00 minutes
Joel Hofer (MIN), 27 saves from 30 shots - (0,900), L, 7-9-2, 60:00 minutes
3 StarsOfficial
1 - Fabian Zetterlund (MIN)
2 - Ridly Greig (PHO)
3 - Cam Dineen (PHO)
Referees : Beaudry Halkidis and Francis Charron
Linesman : Julia Kainberger and Scott Cherrey
Game Note
No Game Note



Team Name Goals Shots Shots Attemp Shots Blocked PIM HIT PP PK FO%
Roadrunners 3306022321 / 3 (33%)154%
Wild 21021146201 / 1 (100%)146%

Roadrunners
Player Name POS G A P +/- PIM HIT SHT SB MP PP MP PP SHT PK MP PK SHT FO% FOT GA TA
Anders BjorkLW/RW0000022016:421:2800:050100% 100
Andy AndreoffC/LW0000041016:371:2800:00043% 722
Cam DineenD1011024024:072:0610:2800% 001
Jack DuganLW0000000010:190:0000:000100% 100
Jake MassieD0000020119:441:1400:1200% 000
Jamieson ReesC0000021010:190:0000:00075% 400
Julien GauthierRW0000025019:481:5210:3500% 121
Kale ClagueLW0110033019:481:5210:3500% 010
Linus KarlssonRW0111031013:110:0000:0000% 010
Luke EvangelistaRW0000013016:371:2800:0000% 020
Mac HollowellD0110221016:080:0000:0000% 000
Nick AbruzzeseC/LW1011022013:110:0000:0000% 010
Reilly WalshD0001000124:072:0600:2800% 010
Ridly GreigC/LW1120013019:131:5200:00052% 2710
Ryan O'RourkeD0000011019:441:1400:1200% 000
Samuel KnazkoD0000000016:090:0000:0000% 000
Trey Fix-WolanskyRW0000022010:190:0000:0000% 000
William EklundC/LW0111031013:160:0000:05060% 500
Wild
Player Name POS G A P +/- PIM HIT SHT SB MP PP MP PP SHT PK MP PK SHT FO% FOT GA TA
Adam KarashikD0000010323:250:0001:2200% 000
Alex LimogesC/LW000-1020221:400:1800:00025% 801
Andrew PeskiD000000018:490:0001:0700% 001
Austin CzarnikC/RW000-1030020:250:0000:00056% 901
Brad MaloneC/LW0000010013:220:0601:44040% 500
Cole BardreauC000000004:150:0000:0000% 100
Cooper MarodyC/RW0001010224:520:3401:36054% 1310
Cristiano DiGiacintoC/LW/RW000001004:530:0000:0000% 000
Dylan SikuraC/LW/RW011-1011024:530:3401:330100% 112
Evan PoleiLW000-1000014:450:0001:0800% 000
Fabian ZetterlundRW2020015120:390:0610:0000% 000
Jack RathboneD000-1241329:430:4000:5300% 010
Logan DayD000-2200029:430:4001:5100% 002
Luke MartinD000000004:070:0000:0000% 000
Mathias Emilio PettersenC000000000:000:0000:0000% 000
Seth GriffithC/RW0220043022:300:2200:00044% 912
Shane GersichLW000000004:250:0000:3900% 000
Trevor CarrickD0001210224:110:0001:2700% 002

Roadrunners

5 vs 5 Forward
Line #Left WingCenterRight WingPHYDFOFWanted %Time %Time Play
1Kale ClagueRidly GreigJulien Gauthier1224031%17:21
2Anders BjorkAndy AndreoffLuke Evangelista1223027%15:09
3Nick AbruzzeseWilliam EklundLinus Karlsson1222024%13:11
4Jack DuganJamieson ReesTrey Fix-Wolansky1221018%10:19
5 vs 5 Defense
Line #DefenseDefensePHYDFOFWanted %Time %Time Play
1Cam DineenReilly Walsh1224035%19:35
2Jake MassieRyan O'Rourke1223033%18:18
3Mac HollowellSamuel Knazko1222029%16:09
4Cam DineenReilly Walsh122104%1:58
Power Play Forward
Line #Left WingCenterRight WingPHYDFOFWanted %Time %Time Play
1Kale ClagueRidly GreigJulien Gauthier1226056%1:52
2Anders BjorkAndy AndreoffLuke Evangelista1224044%1:28
Power Play Defense
Line #DefenseDefensePHYDFOFWanted %Time %Time Play
1Cam DineenReilly Walsh1226063%2:06
2Jake MassieRyan O'Rourke1224037%1:14
Penalty Kill 4 Players Forward
Line #CenterWingPHYDFOFWanted %Time %Time Play
1Julien GauthierKale Clague12260100%0:40
2Luke EvangelistaRidly Greig122400%0:00
Penalty Kill 4 Players Defense
Line #DefenseDefensePHYDFOFWanted %Time %Time Play
1Cam DineenReilly Walsh1226070%0:28
2Jake MassieRyan O'Rourke1224030%0:12
Penalty Kill 3 Players
Line #WingPHYDFOFWanted %Time %Time PlayDefenseDefensePHYDFOFWanted %Time %Time Play
1Julien Gauthier122600%0:00 Cam DineenReilly Walsh122600%0:00
2Kale Clague122400%0:00 Jake MassieRyan O'Rourke122400%0:00
4 vs 4 Forward
Line #CenterWingPHYDFOFWanted %Time %Time Play
1Julien GauthierKale Clague122600%0:00
2Luke EvangelistaRidly Greig122400%0:00
4 vs 4 Defense
Line #DefensePHYDFOFWanted %Time %Time Play
1Cam DineenReilly Walsh122600%0:00
2Jake MassieRyan O'Rourke122400%0:00
Last Minutes Offensive
Left WingCenterRight WingDefenseDefense
Kale ClagueRidly GreigJulien GauthierCam DineenReilly Walsh
Last Minutes Defensive
Left WingCenterRight WingDefenseDefense
Kale ClagueRidly GreigJulien GauthierCam DineenReilly Walsh
Time
Total ForwardTotal DefenseLast Minutes OffensiveLast Minutes Defensive
60:00 60:00 0:000:00
Extra Forwards
Normal PowerPlayPenalty Kill
Linus Karlsson, Trey Fix-Wolansky, William EklundLinus Karlsson, Trey Fix-WolanskyWilliam Eklund
Extra Defensemen
Normal PowerPlayPenalty Kill
Mac Hollowell, Samuel Knazko, Jake MassieMac Hollowell, Samuel KnazkoJake Massie
Penalty Shots
Julien Gauthier, Kale Clague, Luke Evangelista, Ridly Greig, Anders Bjork
Goalie
Garrett Metcalf, Daniil Chechelev
Scratches
Brayden Tracey (Healthy), Evan Barratt (Healthy), Bobby Brink (Healthy), Fredrik Karlstrom (Healthy), Grant Mismash (Healthy) Brad Lambert (Healthy), Brendan Brisson (Healthy), Ivan Morozov (Healthy), Josh Doan (Healthy), Karl Henriksson (Healthy) Darion Hanson (Healthy)

Wild

5 vs 5 Forward
Line #Left WingCenterRight WingPHYDFOFWanted %Time %Time Play
1Dylan SikuraAustin CzarnikSeth Griffith1224035%19:42
2Alex LimogesCooper MarodyDylan Sikura1223029%16:06
3Cooper MarodySeth GriffithDylan Sikura1222013%7:19
4Cooper MarodyAlex LimogesFabian Zetterlund1221023%12:53
5 vs 5 Defense
Line #DefenseDefensePHYDFOFWanted %Time %Time Play
1Jack RathboneLogan Day1224540%22:14
2Jack RathboneTrevor Carrick1223336%19:56
3Logan DayJack Rathbone1222215%8:40
4Jack RathboneAdam Karashik12209%5:10
Power Play Forward
Line #Left WingCenterRight WingPHYDFOFWanted %Time %Time Play
1Cooper MarodyDylan SikuraSeth Griffith1136055%0:22
2Alex LimogesCooper MarodyDylan Sikura1224045%0:18
Power Play Defense
Line #DefenseDefensePHYDFOFWanted %Time %Time Play
1Jack RathboneLogan Day11360100%0:40
2Logan DayJack Rathbone122400%0:00
Penalty Kill 4 Players Forward
Line #CenterWingPHYDFOFWanted %Time %Time Play
1Cooper MarodyDylan Sikura12260100%3:20
2Cooper MarodyDylan Sikura122400%0:00
Penalty Kill 4 Players Defense
Line #DefenseDefensePHYDFOFWanted %Time %Time Play
1Logan DayJack Rathbone12260100%3:20
2Jack RathboneLogan Day122400%0:00
Penalty Kill 3 Players
Line #WingPHYDFOFWanted %Time %Time PlayDefenseDefensePHYDFOFWanted %Time %Time Play
1Cooper Marody113600%0:00 Logan DayJack Rathbone113600%0:00
2Cooper Marody113400%0:00 Jack RathboneLogan Day113400%0:00
4 vs 4 Forward
Line #CenterWingPHYDFOFWanted %Time %Time Play
1Cooper MarodyDylan Sikura122600%0:00
2Cooper MarodyDylan Sikura122400%0:00
4 vs 4 Defense
Line #DefensePHYDFOFWanted %Time %Time Play
1Jack RathboneLogan Day122600%0:00
2Jack RathboneLogan Day122400%0:00
Last Minutes Offensive
Left WingCenterRight WingDefenseDefense
Dylan SikuraAustin CzarnikSeth GriffithJack RathboneLogan Day
Last Minutes Defensive
Left WingCenterRight WingDefenseDefense
Dylan SikuraAustin CzarnikSeth GriffithJack RathboneLogan Day
Time
Total ForwardTotal DefenseLast Minutes OffensiveLast Minutes Defensive
60:00 60:00 0:000:00
Extra Forwards
Normal PowerPlayPenalty Kill
Cooper Marody, Seth Griffith, Dylan SikuraSeth Griffith, Dylan SikuraCooper Marody
Extra Defensemen
Normal PowerPlayPenalty Kill
Adam Karashik, Jack Rathbone, Logan DayJack Rathbone, Jack RathboneLogan Day
Penalty Shots
Seth Griffith, Austin Czarnik, Dylan Sikura, Alex Limoges, Cooper Marody
Goalie
Joel Hofer, Dylan Ferguson
Scratches
Ty Ronning (Healthy), Brandon Davidson (Healthy), Timur Ibragimov (Healthy), Anthony Vincent (Healthy), Joakim Kemell (Healthy) Dryden McKay (Healthy)


Play-by-Play

1st period


0:01 of 1st period - Ridly Greig wins face-off versus Austin Czarnik in neutral zone.
0:13 of 1st period - Off-side.
0:14 of 1st period - Cooper Marody wins face-off versus Andy Andreoff in neutral zone.
0:17 of 1st period - Wrist shot by Dylan Sikura.
0:17 of 1st period - Stopped by Garrett Metcalf with a rebound.
0:53 of 1st period - Jack Rathbone is hit by Jake Massie and loses puck.
1:16 of 1st period - Austin Czarnik is hit by Trey Fix-Wolansky.
4:06 of 1st period - Seth Griffith is hit by William Eklund and loses puck.
4:23 of 1st period - Slapshot by Trey Fix-Wolansky.
4:23 of 1st period - Stopped by Joel Hofer without a rebound.
4:24 of 1st period - Jamieson Rees wins face-off versus Cole Bardreau in Wild zone.
4:55 of 1st period - Fabian Zetterlund is hit by Ryan O'Rourke and loses puck.
5:28 of 1st period - Cam Dineen is hit by Seth Griffith.
5:43 of 1st period - Icing by Jack Rathbone.
5:44 of 1st period - Alex Limoges wins face-off versus Ridly Greig in Wild zone.
6:01 of 1st period - Slapshot by Luke Evangelista.
6:01 of 1st period - Stopped by Joel Hofer without a rebound.
6:02 of 1st period - Andy Andreoff wins face-off versus Austin Czarnik in Wild zone.
6:18 of 1st period - Wrist shot by Luke Evangelista.
6:18 of 1st period - Shot Misses the Net.
6:24 of 1st period - Wrist shot by Luke Evangelista.
6:24 of 1st period - Shot Blocked by Jack Rathbone.
6:44 of 1st period - Icing by Austin Czarnik.
6:45 of 1st period - Austin Czarnik wins face-off versus Ridly Greig in Wild zone.
7:13 of 1st period - Off-side.
7:14 of 1st period - Cooper Marody wins face-off versus William Eklund in neutral zone.
7:18 of 1st period - Off-side.
7:19 of 1st period - William Eklund wins face-off versus Cooper Marody in neutral zone.
8:53 of 1st period - Adam Karashik is hit by Kale Clague and loses puck.
9:25 of 1st period - Brad Malone is hit by Linus Karlsson and loses puck.
9:34 of 1st period - Cam Dineen is hit by Brad Malone and loses puck.
10:22 of 1st period - Snap shot by Nick Abruzzese.
10:22 of 1st period - Shot Misses the Net.
10:24 of 1st period - Slapshot by Cam Dineen.
10:24 of 1st period - Stopped by Joel Hofer without a rebound.
10:25 of 1st period - Seth Griffith wins face-off versus Ridly Greig in Wild zone.
10:30 of 1st period - Slapshot by Fabian Zetterlund.
10:30 of 1st period - Goal by Fabian Zetterlund - Roadrunners : 0 - Wild : 1.
10:31 of 1st period - Seth Griffith wins face-off versus Ridly Greig in neutral zone.
10:34 of 1st period - Jake Massie is hit by Seth Griffith and loses puck.
10:39 of 1st period - Snap shot by Seth Griffith.
10:39 of 1st period - Stopped by Garrett Metcalf with a rebound.
10:41 of 1st period - Snap shot by Cooper Marody.
10:41 of 1st period - Shot Misses the Net.
10:43 of 1st period - Snap shot by Adam Karashik.
10:43 of 1st period - Shot Misses the Net.
10:45 of 1st period - Wrist shot by Fabian Zetterlund.
10:45 of 1st period - Stopped by Garrett Metcalf with a rebound.
10:47 of 1st period - Slapshot by Adam Karashik.
10:47 of 1st period - Deflect By Fabian Zetterlund.
10:47 of 1st period - Stopped by Garrett Metcalf with a rebound.
10:57 of 1st period - Trevor Carrick is hit by Luke Evangelista and loses puck.
12:48 of 1st period - Off-side.
12:49 of 1st period - Cooper Marody wins face-off versus Jamieson Rees in neutral zone.
12:51 of 1st period - Off-side.
12:52 of 1st period - Jamieson Rees wins face-off versus Cooper Marody in neutral zone.
13:03 of 1st period - Icing by Cooper Marody.
13:04 of 1st period - Ridly Greig wins face-off versus Cooper Marody in Wild zone.
13:05 of 1st period - Snap shot by Julien Gauthier.
13:05 of 1st period - Stopped by Joel Hofer with a rebound.
13:45 of 1st period - Slapshot by Jack Rathbone.
13:45 of 1st period - Deflect By Cooper Marody.
13:45 of 1st period - Shot Misses the Net.
13:45 of 1st period - Puck is out of play.
13:46 of 1st period - Ridly Greig wins face-off versus Seth Griffith in Roadrunners zone.
13:46 of 1st period - Ridly Greig is hit by Austin Czarnik.
13:54 of 1st period - Jake Massie is hit by Dylan Sikura.
13:58 of 1st period - Dylan Sikura is hit by Julien Gauthier and loses puck.
14:38 of 1st period - Snap shot by Seth Griffith.
14:38 of 1st period - Stopped by Garrett Metcalf without a rebound.
14:39 of 1st period - Alex Limoges wins face-off versus Andy Andreoff in Roadrunners zone.
14:44 of 1st period - Snap shot by Alex Limoges.
14:44 of 1st period - Deflect By Fabian Zetterlund.
14:44 of 1st period - Shot Misses the Net.
14:44 of 1st period - Puck is out of play.
14:45 of 1st period - Anders Bjork wins face-off versus Alex Limoges in Roadrunners zone.
15:32 of 1st period - Wrist shot by Trey Fix-Wolansky.
15:32 of 1st period - Shot Blocked by Alex Limoges.
15:58 of 1st period - Adam Karashik is hit by Linus Karlsson and loses puck.
16:35 of 1st period - Fabian Zetterlund is hit by Trey Fix-Wolansky and loses puck.
18:10 of 1st period - Wrist shot by Nick Abruzzese.
18:10 of 1st period - Shot Misses the Net.
18:16 of 1st period - Logan Day is hit by Linus Karlsson and loses puck.
18:31 of 1st period - Snap shot by Andy Andreoff.
18:31 of 1st period - Stopped by Joel Hofer with a rebound.
18:33 of 1st period - Snap shot by Anders Bjork.
18:33 of 1st period - Stopped by Joel Hofer with a rebound.
18:57 of 1st period - Snap shot by Julien Gauthier.
18:57 of 1st period - Stopped by Joel Hofer with a rebound.
18:59 of 1st period - Snap shot by Ridly Greig.
18:59 of 1st period - Deflect By Cristiano DiGiacinto.
18:59 of 1st period - Stopped by Joel Hofer with a rebound.
19:16 of 1st period - Logan Day is hit by Nick Abruzzese and loses puck.
19:31 of 1st period - Austin Czarnik is hit by Jamieson Rees and loses puck.
19:57 of 1st period - Evan Polei is hit by Andy Andreoff and loses puck.
Goals for this period are 0 for Roadrunners vs 1 for Wild.
Shots for this period are 8 for Roadrunners vs 6 for Wild.

2nd period


0:01 of 2nd period - Ridly Greig wins face-off versus Seth Griffith in neutral zone.
0:08 of 2nd period - Kale Clague is hit by Jack Rathbone and loses puck.
0:27 of 2nd period - Reilly Walsh is hit by Alex Limoges and loses puck.
1:06 of 2nd period - Cooper Marody is hit by Jamieson Rees and loses puck.
1:37 of 2nd period - Seth Griffith is hit by Anders Bjork and loses puck.
2:06 of 2nd period - Snap shot by Linus Karlsson.
2:06 of 2nd period - Stopped by Joel Hofer without a rebound.
2:07 of 2nd period - William Eklund wins face-off versus Brad Malone in Wild zone.
2:31 of 2nd period - Off-side.
2:32 of 2nd period - Austin Czarnik wins face-off versus Andy Andreoff in neutral zone.
2:40 of 2nd period - Andy Andreoff is hit by Austin Czarnik.
3:20 of 2nd period - Off-side.
3:21 of 2nd period - Ridly Greig wins face-off versus Alex Limoges in neutral zone.
3:26 of 2nd period - Snap shot by Julien Gauthier.
3:26 of 2nd period - Shot Misses the Net.
3:32 of 2nd period - Kale Clague is hit by Alex Limoges.
3:44 of 2nd period - Anders Bjork is hit by Seth Griffith and loses puck.
4:23 of 2nd period - Slapshot by Cam Dineen.
4:23 of 2nd period - Stopped by Joel Hofer with a rebound.
4:42 of 2nd period - Snap shot by Luke Evangelista.
4:42 of 2nd period - Deflect By Logan Day.
4:42 of 2nd period - Shot Blocked by Adam Karashik.
4:42 of 2nd period - Puck is out of play.
4:43 of 2nd period - Ridly Greig wins face-off versus Alex Limoges in Wild zone.
4:48 of 2nd period - Snap shot by Julien Gauthier.
4:48 of 2nd period - Shot Misses the Net.
4:54 of 2nd period - Snap shot by Julien Gauthier.
4:54 of 2nd period - Stopped by Joel Hofer with a rebound.
5:10 of 2nd period - Snap shot by Evan Polei.
5:10 of 2nd period - Shot Blocked by Jake Massie.
5:12 of 2nd period - Slapshot by Logan Day.
5:12 of 2nd period - Shot Misses the Net.
6:34 of 2nd period - Icing by Trey Fix-Wolansky.
6:35 of 2nd period - Jamieson Rees wins face-off versus Brad Malone in Roadrunners zone.
6:45 of 2nd period - Jack Dugan is hit by Jack Rathbone and loses puck.
7:12 of 2nd period - Slapshot by Andy Andreoff.
7:12 of 2nd period - Shot Blocked by Trevor Carrick.
7:26 of 2nd period - Adam Karashik is hit by Mac Hollowell and loses puck.
7:31 of 2nd period - Wrist shot by Ridly Greig.
7:31 of 2nd period - Goal by Ridly Greig - Roadrunners : 1 - Wild : 1.
7:32 of 2nd period - Cooper Marody wins face-off versus Ridly Greig in neutral zone.
8:01 of 2nd period - Snap shot by Fabian Zetterlund.
8:01 of 2nd period - Stopped by Garrett Metcalf with a rebound.
8:03 of 2nd period - Slapshot by Fabian Zetterlund.
8:03 of 2nd period - Shot Misses the Net.
8:13 of 2nd period - Anders Bjork is hit by Austin Czarnik and loses puck.
8:30 of 2nd period - Wrist shot by Linus Karlsson.
8:30 of 2nd period - Shot Misses the Net.
8:32 of 2nd period - Slapshot by William Eklund.
8:32 of 2nd period - Stopped by Joel Hofer without a rebound.
8:33 of 2nd period - Ridly Greig wins face-off versus Alex Limoges in Wild zone.
8:59 of 2nd period - Slapshot by Nick Abruzzese.
8:59 of 2nd period - Goal by Nick Abruzzese - Roadrunners : 2 - Wild : 1.
9:00 of 2nd period - Seth Griffith wins face-off versus Ridly Greig in neutral zone.
9:03 of 2nd period - Wrist shot by Cooper Marody.
9:03 of 2nd period - Shot Blocked by Reilly Walsh.
9:54 of 2nd period - Minor Penalty to Jack Rathbone for Elbowing.
9:55 of 2nd period - Ridly Greig wins face-off versus Cooper Marody in Wild zone.
10:01 of 2nd period - Slapshot by Julien Gauthier.
10:01 of 2nd period - Stopped by Joel Hofer without a rebound.
10:02 of 2nd period - Ridly Greig wins face-off versus Cooper Marody in Wild zone.
10:47 of 2nd period - Slapshot by Cam Dineen.
10:47 of 2nd period - Deflect By Anders Bjork.
10:47 of 2nd period - Shot Misses the Net.
10:47 of 2nd period - Puck is out of play.
10:48 of 2nd period - Brad Malone wins face-off versus Andy Andreoff in Wild zone.
11:54 of 2nd period - Penalty to Jack Rathbone is over, Jack Rathbone is back on ice.
11:58 of 2nd period - Wrist shot by Seth Griffith.
11:58 of 2nd period - Stopped by Garrett Metcalf with a rebound.
12:32 of 2nd period - William Eklund is hit by Jack Rathbone and loses puck.
13:09 of 2nd period - Jack Rathbone is hit by Kale Clague and loses puck.
13:30 of 2nd period - Snap shot by Jack Dugan.
13:30 of 2nd period - Shot Misses the Net.
13:38 of 2nd period - Alex Limoges is hit by Cam Dineen and loses puck.
14:35 of 2nd period - Wrist shot by Anders Bjork.
14:35 of 2nd period - Shot Misses the Net.
15:27 of 2nd period - Adam Karashik is hit by Mac Hollowell and loses puck.
15:32 of 2nd period - Backhand shot by Ridly Greig.
15:32 of 2nd period - Stopped by Joel Hofer without a rebound.
15:33 of 2nd period - Austin Czarnik wins face-off versus Ridly Greig in Wild zone.
16:48 of 2nd period - Snap shot by Kale Clague.
16:48 of 2nd period - Stopped by Joel Hofer without a rebound.
16:49 of 2nd period - Ridly Greig wins face-off versus Seth Griffith in Wild zone.
16:58 of 2nd period - Wrist shot by Julien Gauthier.
16:58 of 2nd period - Shot Blocked by Trevor Carrick.
17:00 of 2nd period - Slapshot by Cam Dineen.
17:00 of 2nd period - Stopped by Joel Hofer with a rebound.
17:02 of 2nd period - Slapshot by Kale Clague.
17:02 of 2nd period - Shot Blocked by Jack Rathbone.
17:04 of 2nd period - Snap shot by Kale Clague.
17:04 of 2nd period - Shot Blocked by Cooper Marody.
17:40 of 2nd period - Evan Polei is hit by William Eklund and loses puck.
Goals for this period are 2 for Roadrunners vs 0 for Wild.
Shots for this period are 10 for Roadrunners vs 2 for Wild.

3rd period


0:01 of 3rd period - Cooper Marody wins face-off versus Ridly Greig in neutral zone.
0:56 of 3rd period - Snap shot by Nick Abruzzese.
0:56 of 3rd period - Stopped by Joel Hofer with a rebound.
1:02 of 3rd period - Ryan O'Rourke is hit by Trevor Carrick and loses puck.
1:23 of 3rd period - Wrist shot by Julien Gauthier.
1:23 of 3rd period - Stopped by Joel Hofer with a rebound.
2:18 of 3rd period - Icing by Austin Czarnik.
2:19 of 3rd period - William Eklund wins face-off versus Seth Griffith in Wild zone.
2:34 of 3rd period - Alex Limoges is hit by Ridly Greig and loses puck.
2:57 of 3rd period - Luke Evangelista is hit by Seth Griffith and loses puck.
3:20 of 3rd period - Snap shot by Mac Hollowell.
3:20 of 3rd period - Stopped by Joel Hofer with a rebound.
3:24 of 3rd period - Wrist shot by Trey Fix-Wolansky.
3:24 of 3rd period - Stopped by Joel Hofer without a rebound.
3:25 of 3rd period - Jack Dugan wins face-off versus Alex Limoges in Wild zone.
3:44 of 3rd period - Wrist shot by Trey Fix-Wolansky.
3:44 of 3rd period - Shot Misses the Net.
3:46 of 3rd period - Snap shot by Mac Hollowell.
3:46 of 3rd period - Shot Blocked by Cooper Marody.
3:48 of 3rd period - Wrist shot by Jamieson Rees.
3:48 of 3rd period - Stopped by Joel Hofer with a rebound.
3:56 of 3rd period - Snap shot by Jack Dugan.
3:56 of 3rd period - Shot Blocked by Alex Limoges.
4:02 of 3rd period - Samuel Knazko is hit by Fabian Zetterlund and loses puck.
4:43 of 3rd period - Off-side.
4:44 of 3rd period - Austin Czarnik wins face-off versus Ridly Greig in neutral zone.
4:47 of 3rd period - Snap shot by Seth Griffith.
4:47 of 3rd period - Shot Misses the Net.
5:44 of 3rd period - Snap shot by Luke Evangelista.
5:44 of 3rd period - Stopped by Joel Hofer without a rebound.
5:45 of 3rd period - Ridly Greig wins face-off versus Austin Czarnik in Wild zone.
5:56 of 3rd period - Logan Day is hit by Julien Gauthier and loses puck.
8:00 of 3rd period - Jack Rathbone is hit by Anders Bjork and loses puck.
8:41 of 3rd period - Trevor Carrick is hit by Kale Clague and loses puck.
9:04 of 3rd period - Trevor Carrick is hit by Andy Andreoff and loses puck.
9:11 of 3rd period - Wrist shot by Luke Evangelista.
9:11 of 3rd period - Shot Blocked by Adam Karashik.
9:13 of 3rd period - Snap shot by Andy Andreoff.
9:13 of 3rd period - Shot Misses the Net.
9:15 of 3rd period - Snap shot by Andy Andreoff.
9:15 of 3rd period - Deflect By Anders Bjork.
9:15 of 3rd period - Stopped by Joel Hofer without a rebound.
9:16 of 3rd period - Seth Griffith wins face-off versus Ridly Greig in Wild zone.
9:23 of 3rd period - Kale Clague is hit by Cooper Marody and loses puck.
9:30 of 3rd period - Slapshot by Seth Griffith.
9:30 of 3rd period - Shot Misses the Net.
9:58 of 3rd period - Nick Abruzzese is hit by Jack Rathbone and loses puck.
10:08 of 3rd period - Off-side.
10:09 of 3rd period - Andy Andreoff wins face-off versus Seth Griffith in neutral zone.
10:12 of 3rd period - Adam Karashik is hit by Andy Andreoff and loses puck.
10:17 of 3rd period - Wrist shot by Luke Evangelista.
10:17 of 3rd period - Shot Misses the Net.
10:19 of 3rd period - Snap shot by Ryan O'Rourke.
10:19 of 3rd period - Stopped by Joel Hofer with a rebound.
10:25 of 3rd period - Slapshot by Luke Evangelista.
10:25 of 3rd period - Stopped by Joel Hofer without a rebound.
10:26 of 3rd period - Austin Czarnik wins face-off versus Ridly Greig in Wild zone.
10:41 of 3rd period - Jake Massie is hit by Cristiano DiGiacinto and loses puck.
11:02 of 3rd period - Minor Penalty to Mac Hollowell for Roughing.
11:03 of 3rd period - Dylan Sikura wins face-off versus Julien Gauthier in Roadrunners zone.
11:42 of 3rd period - Snap shot by Fabian Zetterlund.
11:42 of 3rd period - Goal by Fabian Zetterlund - Roadrunners : 2 - Wild : 2.
11:43 of 3rd period - Ridly Greig wins face-off versus Austin Czarnik in neutral zone.
11:58 of 3rd period - Snap shot by Kale Clague.
11:58 of 3rd period - Stopped by Joel Hofer without a rebound.
11:59 of 3rd period - Andy Andreoff wins face-off versus Alex Limoges in Wild zone.
12:03 of 3rd period - Minor Penalty to Logan Day for Roughing.
12:04 of 3rd period - Ridly Greig wins face-off versus Cooper Marody in Wild zone.
12:08 of 3rd period - Snap shot by Kale Clague.
12:08 of 3rd period - Stopped by Joel Hofer with a rebound.
12:10 of 3rd period - Slapshot by Cam Dineen.
12:10 of 3rd period - Goal by Cam Dineen - Roadrunners : 3 - Wild : 2.
12:11 of 3rd period - Cooper Marody wins face-off versus Ridly Greig in neutral zone.
12:14 of 3rd period - Slapshot by Jack Rathbone.
12:14 of 3rd period - Stopped by Garrett Metcalf with a rebound.
12:16 of 3rd period - Snap shot by Cooper Marody.
12:16 of 3rd period - Shot Misses the Net.
12:55 of 3rd period - Snap shot by Linus Karlsson.
12:55 of 3rd period - Shot Misses the Net.
13:09 of 3rd period - Slapshot by Jake Massie.
13:09 of 3rd period - Shot Blocked by Jack Rathbone.
13:45 of 3rd period - Samuel Knazko is hit by Adam Karashik and loses puck.
14:15 of 3rd period - Off-side.
14:16 of 3rd period - Brad Malone wins face-off versus William Eklund in neutral zone.
15:40 of 3rd period - Jack Rathbone is hit by Cam Dineen.
16:14 of 3rd period - Snap shot by Jamieson Rees.
16:14 of 3rd period - Shot Misses the Net.
16:16 of 3rd period - Slapshot by Jake Massie.
16:16 of 3rd period - Shot Blocked by Fabian Zetterlund.
16:36 of 3rd period - Andrew Peski is hit by William Eklund.
17:00 of 3rd period - Trevor Carrick is hit by Jake Massie and loses puck.
17:43 of 3rd period - Cooper Marody is hit by Nick Abruzzese and loses puck.
18:12 of 3rd period - Seth Griffith is hit by Andy Andreoff and loses puck.
18:45 of 3rd period - Minor Penalty to Trevor Carrick for Interference.
18:46 of 3rd period - Cooper Marody wins face-off versus Ridly Greig in Wild zone.
18:59 of 3rd period - Snap shot by Kale Clague.
18:59 of 3rd period - Shot Misses the Net.
19:35 of 3rd period - Icing by Ridly Greig.
19:36 of 3rd period - Ridly Greig wins face-off versus Brad Malone in Roadrunners zone.
19:41 of 3rd period - Wrist shot by Kale Clague.
19:41 of 3rd period - Shot Blocked by Adam Karashik.
19:43 of 3rd period - Wrist shot by Ridly Greig.
19:43 of 3rd period - Shot Misses the Net.
19:55 of 3rd period - Snap shot by Andy Andreoff.
19:55 of 3rd period - Shot Blocked by Andrew Peski.
Goals for this period are 1 for Roadrunners vs 1 for Wild.
Shots for this period are 12 for Roadrunners vs 2 for Wild.